 Dungeon Crawl Stone Soup version 0.17-a0-1570-g74b7129 (webtiles) character file.

88 volk64 the Skirmisher (level 4, 0/49 HPs)
             Began as an Ogre Berserker on July 23, 2015.
             Was a Believer of Trog.
             Slain by a gnoll
             ... wielding a +0 spear
              (3 damage)
             ... on level 2 of the Dungeon.
             The game lasted 00:05:41 (1284 turns).

volk64 the Skirmisher (Ogre Berserker)              Turns: 1284, Time: 00:05:41

Health: 0/49       AC:  3    Str: 23    XL:     4   Next: 54%
Magic:  4/4        EV: 10    Int:  6    God:    Trog [**....]
Gold:   45         SH:  0    Dex:  9    Spells: 0 memorised, 3 levels left

rFire  . . .     SeeInvis .     a - +0 mace
rCold  . . .     Clarity  .     b - +0 animal skin
rNeg   . . .     SustAt   .     (no shield)
rPois  .         Gourm    .     (helmet restricted)
rElec  .         Spirit   .     (no cloak)
rCorr  .         Warding  .     (gloves unavailable)
rMut   .         Stasis   .     (boots unavailable)
MR     .....                    (no amulet)
Stlth  +.........               (no ring)
                                (no ring)

@: not resistant to hostile enchantments, very unstealthy
A: unfitting armour, tough skin 1
a: Burn Spellbooks, Berserk, Trog's Hand, Renounce Religion


You were on level 2 of the Dungeon.
You worshipped Trog.
Trog was pleased with you.
You were not hungry.

You visited 1 branch of the dungeon, and saw 2 of its levels.

You collected 45 gold pieces.

Inventory:

Hand weapons
 a - a +0 mace (weapon)
 j - a +0 antimagic hand axe
Armour
 b - a +0 animal skin (worn)
Scrolls
 d - a scroll of identify {unknown}
 e - a scroll of immolation {unknown}
 h - a scroll of amnesia {unknown}
 i - a scroll of random uselessness {unknown}
 k - a scroll of blinking {unknown}
 m - a scroll of remove curse {unknown}
Potions
 f - 2 potions of flight {unknown}
 g - a potion of agility {unknown}
 l - a potion of degeneration {unknown}
Comestibles
 c - 2 chunks of flesh


   Skills:
 + Level 4.8 Fighting
 + Level 4.8 Maces & Flails
 + Level 3.8 Dodging
 + Level 0.3 Stealth


You had 3 spell levels left.
You didn't know any spells.

Dungeon Overview and Level Annotations

Branches:
Dungeon (2/15)

Altars:
Dithmenos
The Shining One


Innate Abilities, Weirdness & Mutations

You are too large for most types of armour.
You have tough skin (AC +1).


Message History

Some of the chunks of flesh in your inventory have rotted away.
You hit the gnoll but do no damage.
The gnoll is severely wounded.
The gnoll hits you with a spear.
The gnoll hits you from afar with a spear.
* * * LOW HITPOINT WARNING * * *
You are too injured to fight recklessly!
You are too injured to fight recklessly!
You closely miss the gnoll.
The gnoll is severely wounded.
The gnoll hits you with a spear.
* * * LOW HITPOINT WARNING * * *
The gnoll hits you from afar with a spear.
* * * LOW HITPOINT WARNING * * *
The gnoll hits you with a spear!
* * * LOW HITPOINT WARNING * * *
You barely miss the gnoll.
The gnoll is severely wounded.
The gnoll hits you but does no damage. The gnoll hits you with a spear.
You die...

#..###......###
#..####.......
#.....#.#.#####
##..#.#..##########
########...#.##.## #.....#
.........#.#.##..# #.#####
########.........# #.#
#..##g##..# #.# ##.#g.@#.##
#.# #......<# #.# ###...#.#
#.# ##########.##.# #.#
#..........##.# #.#
######..##########.# #.#
.......#)## #.# #.#
#####.###.########.####.#####
###..## ##......##..........#


You could see 2 gnolls.

Vanquished Creatures
  Terence (D:2)
  2 gnolls (D:2)
  An ooze (D:2)
  2 giant geckos
  4 bats
  A giant cockroach (D:1)
  3 goblins
  6 hobgoblins
  4 jackals (D:1)
  3 kobolds (D:1)
  2 quokkas (D:2)
  A ball python (D:2)
  3 giant newts
  3 rats
36 creatures vanquished.

Notes
Turn   | Place    | Note
--------------------------------------------------------------
     0 | D:1      | volk64 the Ogre Berserker began the quest for the Orb.
     0 | D:1      | Reached XP level 1. HP: 24/24 MP: 1/1
   147 | D:1      | Reached XP level 2. HP: 30/33 MP: 2/2
   806 | D:2      | Found a faded altar to an unknown god.
   806 | D:2      | Noticed Terence
   819 | D:2      | Killed Terence
   819 | D:2      | Acquired Trog's second power
   819 | D:2      | Reached XP level 3. HP: 36/40 MP: 0/3
  1002 | D:2      | Found a shadowy altar of Dithmenos.
  1023 | D:2      | Reached XP level 4. HP: 49/49 MP: 4/4
  1202 | D:2      | Found a glowing golden altar of the Shining One.
  1284 | D:2      | Slain by a gnoll

Vault maps used:
D:1:      saegor_arrival_miasma
D:2:      grunt_dithmenos_smoke, tso_altar, ecumenical_altar_1,
          uniq_crazy_yiuf_cottage, uniq_terence

Action                   |  1- 3 |  4- 6 || total
-------------------------+-------+-------++-------
Melee: Mace              |    99 |    23 ||   122
Invok: Berserk           |     1 |       ||     1
  Use: Potion            |     1 |       ||     1
  Eat: Bread ration      |     1 |       ||     1
